 Dungeon Crawl Stone Soup version bcrawl-1.39.1 (console) character file.

Game seed: 16495177779540472292

331768 Burana the Merchant of Misery (level 10, -3/59 HPs)
             Began as a Twilight Stalker Archaeologist on Sept 16, 2023.
             Was a Believer of Kikubaaqudgha.
             Killed from afar by Harold (18 damage)
             ... with a bolt of fire
             ... on level 8 of the Dungeon.
             The game lasted 00:50:09 (6441 turns).

Burana the Merchant of Misery (VSAc)                Turns: 6441, Time: 00:50:10

Health: -3/59      AC:  7    Str: 15    XL:     10   Next: 16%
Magic:  12/25      EV: 14    Int: 18    God:    Kikubaaqudgha [**....]
Gold:   359        SH:  5    Dex: 15    Spells: 3/16 levels left

rFire    + . .     GDR:     28% h - +2 dagger (venom)
rCold    . . .     SeeInvis .   i - +0 buckler
rNeg     . . .     Gourm    .   C - +0 troll leather armour
rPois    .         Faith    +   d - +1 hat
rElec    .         Spirit   .   (no cloak)
rCorr    .         Reflect  .   (no gloves)
MR       +....                  n - +1 pair of boots
Stlth    +++++.....             z - amulet of faith
HPRegen  0.99/turn              w - ring "Irrugixo" {MP+9 Int+4 Stlth+}
MPRegen  0.19/turn              I - ring of protection from fire

@: studying Polearms
A: fangs 3, nightstalker 1, regeneration 1, no potion heal 3, rot immunity,
draining bite, strong jaws, assimilated armour
a: Receive Corpses, Renounce Religion


You were on level 8 of the Dungeon.
You worshipped Kikubaaqudgha.
Kikubaaqudgha was pleased with you.
You were very hungry.

You visited 1 branch of the dungeon, and saw 8 of its levels.

You collected 504 gold pieces.
You spent 145 gold pieces at shops.

Inventory:

Hand Weapons
 a - a +0 trident
 b - a +0 blowgun
 h - a +2 dagger of venom (weapon)
 k - a +0 whip
 o - a +0 spear
 M - a +2 morningstar of flaming
Missiles
 p - 156 poisoned needles
 L - 69 poisoned tomahawks (quivered)
 N - 98 javelins
Armour
 c - a +1 robe
 d - a +1 hat (worn)
 i - a +0 buckler (worn)
 m - a +0 ring mail
 n - a +1 pair of boots (worn)
 C - a +0 troll leather armour (worn)
 D - a +0 helmet
 P - a +0 scale mail of cold resistance
Jewellery
 l - an uncursed ring of ice
 t - the ring of Ijinkaq {Ice Slay+3}
   (You found it on level 6 of the Dungeon)

   [ring of ice]

   It enhances your ice magic.
   It affects your accuracy and damage with ranged weapons and melee attacks
   (+3).
   It makes you vulnerable to fire.
   It protects you from cold.
 w - the ring "Irrugixo" (left hand) {MP+9 Int+4 Stlth+}
   (You bought it in a shop on level 4 of the Dungeon)

   [ring of magical power]

   It affects your intelligence (+4).
   It affects your magic capacity (+9).
   It makes you more stealthy.
 z - an amulet of faith (around neck)
 I - a ring of protection from fire (right hand)
Wands
 u - a wand of acid (3)
 v - a wand of paralysis (7)
 x - a wand of polymorph (6)
 A - a wand of random effects (13)
 E - a wand of clouds (4)
 H - a wand of iceblast (7)
 J - a wand of charming (7)
Scrolls
 g - 3 scrolls of revelation
 j - 2 scrolls of blinking
 q - a scroll of fog
 r - 4 scrolls of teleportation
 s - 2 scrolls of remove curse
 y - a scroll of amnesia
 B - a scroll of enchant armour {unknown}
Potions
 F - a potion of mutation {unknown}
 G - a potion of cancellation {unknown}
 K - a potion of brilliance {unknown}
 O - a potion of berserk rage
 Q - a potion of curing
Comestibles
 e - 5 rations {!d}


   Skills:
 - Level 5.2 Fighting
 - Level 3.0 Short Blades
 - Level 1.0 Maces & Flails
 + Level 2.2 Polearms
 - Level 2.0 Armour
 - Level 6.0 Dodging
 - Level 5.0 Stealth
 - Level 2.0 Shields
 + Level 3.9 Spellcasting
 - Level 3.0 Charms
 + Level 9.5 Necromancy
 - Level 4.0 Evocations


You had 3 spell levels left.
You knew the following spells:

 Your Spells              Type           Power        Failure   Level  Hunger
a - Necrotize             Necr           #####.       1%          1    None
b - Corpse Rot            Necr           N/A          1%          2    None
c - Vampiric Draining     Necr           #####.....   2%          3    ###....
d - Regeneration          Chrm/Necr      ####......   10%         3    ###....
e - Animate Dead          Necr           N/A          9%          4    #####..

Your spell library contained the following spells:

 Spells                   Type           Power        Failure   Level  Hunger
 Infusion                 Chrm           ##......     12%         1    None
 Apportation              Tloc           #.....       38%         1    None
 Corona                   Hex            #......      38%         1    None
 Sandblast                Erth           #.....       38%         1    None
 Slow                     Hex            #.......     38%         1    None
 Summon Butterflies       Summ           #.......     38%         1    None
 Summon Small Mammal      Summ           #...         38%         1    None
 Call Imp                 Summ           #.....       54%         2    None
 Call Canine Familiar     Summ           #.......     77%         3    ###....
 Agony                    Necr           #####...     9%          4    #####..
 Dispel Undead            Necr           #####...     22%         5    ######.
 Summon Ice Beast         Ice/Summ       #.......     99%         4    #####..
 Summon Lightning Spire   Summ/Air       #.......     100%        5    ######.


Dungeon Overview and Level Annotations

Branches:
Dungeon (8/12)             Temple (0/1) D:5
   Lair: D:7-9          Orc: D:8-11

Altars:
Dithmenos
Fedhas
Hepliaklqana
Kikubaaqudgha
Lugonu
Makhleb
Trog
Vehumet
Wu Jian
Xom
Zin

Shops:
D:4 *(==   D:5 (

Annotations:
D:4 3 runed translucent doors, yrara's ghost, amateur DsFi
D:8 Harold


Innate Abilities, Weirdness & Mutations

You have razor-sharp teeth.
You are slightly more attuned to the shadows.
Your natural rate of healing is unusually fast.
Potions cannot restore your health.
You are immune to rotting.
Your bite drains your enemy's life force.
Your bites deal extra damage.
Your stealth is less affected by armour.


Message History

Harold is too close now for your liking.
Casting: Necrotize (safe; 1% risk of failure)
Confirm with . or Enter, or press ? or * to list all spells.
Aiming: Necrotize (safe; 1% risk of failure)
Press: ? - help, Shift-Dir - straight line, f/p - Harold
Aim: Harold, wielding a +1 trident of freezing, wearing a +0 chain mail and wearing a +0 medium shield (almost dead, chance to defeat MR: 66%) Harold struggles to resist.
Casting: Necrotize (safe; 1% risk of failure)
Confirm with . or Enter, or press ? or * to list all spells.
Aiming: Necrotize (safe; 1% risk of failure)
Press: ? - help, Shift-Dir - straight line, f/p - Harold
Aim: Harold, wielding a +1 trident of freezing, wearing a +0 chain mail and wearing a +0 medium shield (almost dead, chance to defeat MR: 66%) Harold writhes in agony.
Harold hits you from afar with a +1 trident of freezing!
Harold freezes you.
* * * LOW HITPOINT WARNING * * *
Harold casts a spell at you. You resist. The bolt of fire hits you!!
You die...
Kikubaaqudgha rasps: "You have failed me!
Welcome... death!"

You could see Harold.

Vanquished Creatures
  3 trolls
  A yak (D:5)
  A hungry ghost (D:7)
  4 sky beasts
  An ice beast (D:7)
  2 phantoms
  A black bear (D:7)
  3 bullfrogs
  3 kobold brigands
  A centaur (D:6)
  2 scorpions
  5 killer bees (D:8)
  A howler monkey (D:6)
  5 orc priests
  3 crimson imps
  A quasit (D:7)
  4 jellies
  4 orc wizards
  7 hounds
  2 bullfrog skeletons
  4 iguanas
  5 worker ants
  6 adders
  2 shadow imps (D:5)
  2 adder zombies (D:7)
  An adder skeleton (D:4)
  4 worms
  2 dart slugs (D:1)
  4 leopard geckos
  22 orcs
  A ball python (D:3)
  A giant cockroach (D:1)
  2 goblins
  15 hobgoblins
  4 jackals (D:2)
  8 quokkas
  5 bats
  4 frilled lizards
  A jackal skeleton (D:4)
  16 kobolds
  4 rats
167 creatures vanquished.

Vanquished Creatures (collateral kills)
  An ogre (D:7)
  An orc wizard (D:7)
  An orc (D:7)
3 creatures vanquished.

Grand Total: 170 creatures vanquished

Notes
Turn   | Place    | Note
-------+----------+-------------------------------------------
     0 | D:1      | Burana the Vine Stalker Archaeologist began the quest for
                  | the Orb.
     0 | D:1      | Reached XP level 1. HP: 11/11 MP: 2/2
    52 | D:1      | Reached skill level 1 in Fighting
    52 | D:1      | Reached skill level 1 in Maces & Flails
   227 | D:1      | Reached XP level 2. HP: 14/17 MP: 3/3
   702 | D:2      | Reached XP level 3. HP: 21/21 MP: 4/4
  1063 | D:2      | Found a radiant altar of Vehumet.
  1243 | D:2      | Found a blossoming altar of Fedhas.
  1293 | D:3      | Found an ancient bone altar of Kikubaaqudgha.
  1294 | D:3      | Found a burning altar of Makhleb.
  1340 | D:3      | Reached skill level 1 in Polearms
  1437 | D:3      | Reached XP level 4. HP: 13/26 MP: 5/5
  1516 | D:3      | Found an ornate altar of the Wu Jian Council.
  1540 | D:3      | Reached skill level 1 in Armour
  1814 | D:3      | Noticed a kobold brigand
  2131 | D:3      | Reached XP level 5. HP: 30/30 MP: 6/6
  2131 | D:3      | Identified a scroll of acquirement
  2186 | D:3      | Killed a kobold brigand
  2470 | D:4      | Reached skill level 1 in Short Blades
  2488 | D:4      | Noticed a sky beast
  2551 | D:4      | Killed a sky beast
  2552 | D:4      | Gained mutation: You have razor-sharp teeth. [Vine Stalker
                  | growth]
  2552 | D:4      | Reached XP level 6. HP: 12/37 MP: 7/7
  2613 | D:4      | Found Dogasey's Assorted Antiques.
  2616 | D:4      | Bought a sparkling glass ring for 145 gold pieces
  2616 | D:4      | Identified the ring "Irrugixo" {MP+9 Int+4 Stlth+} (You
                  | bought it in a shop on level 4 of the Dungeon)
  2804 | D:4      | Noticed a sky beast
  2812 | D:4      | Reached XP level 7. HP: 42/42 MP: 8/8
  2846 | D:4      | Reached skill level 5 in Stealth
  2948 | D:4      | Found a runed translucent gate.
  2948 | D:4      | Found a runed translucent gate.
  2950 | D:4      | Found a runed translucent gate.
  2954 | D:4      | Noticed yrara's ghost (amateur DsFi)
  2971 | D:4      | Found a glowing silver altar of Zin.
  3001 | D:4      | Reached skill level 5 in Dodging
  3037 | D:4      | Found Qotudun's Jewellery Shoppe.
  3089 | D:4      | Found Jublet's Weapon Emporium.
  3244 | D:4      | Found Siast's Jewellery Shoppe.
  3407 | D:5      | Entered Level 5 of the Dungeon
  3691 | D:5      | Noticed a yak
  3720 | D:5      | Killed a yak
  3721 | D:5      | Reached skill level 5 in Fighting
  3721 | D:5      | Gained mutation: Your bite drains your enemy's life force.
                  | [Twilight Stalker growth]
  3721 | D:5      | Gained mutation: Your stealth is less affected by armour.
                  | [Twilight Stalker growth]
  3721 | D:5      | Gained mutation: You are slightly more attuned to the
                  | shadows. [Twilight Stalker growth]
  3721 | D:5      | Reached XP level 8. HP: 44/49 MP: 9/9
  3808 | D:3      | Became a worshipper of Kikubaaqudgha
  3949 | D:5      | Reached skill level 1 in Shields
  4031 | D:5      | Found a staircase to the Ecumenical Temple.
  4093 | D:5      | Reached skill level 1 in Evocations
  4154 | D:5      | Found Juenebyd's Weapon Boutique.
  4164 | D:5      | Identified the scarf of Dawn {repulsion, *Slow rPois Regen+
                  | Str-4 Slay+6} (You acquired it on level 5 of the Dungeon)
  4209 | D:5      | Found a bloodstained altar of Trog.
  4283 | D:5      | Noticed a troll
  4297 | D:5      | Killed a troll
  4714 | D:5      | Learned a level 1 spell: Necrotize
  4781 | D:6      | Reached skill level 1 in Necromancy
  4813 | D:6      | Noticed a troll
  4833 | D:6      | Reached skill level 1 in Spellcasting
  4833 | D:6      | Reached skill level 2 in Necromancy
  4835 | D:6      | Reached * piety under Kikubaaqudgha
  4835 | D:6      | Identified Kikubaaqudgha's Disquisition on Stolen Souls
                  | (Kikubaaqudgha gifted it to you on level 6 of the Dungeon)
  4835 | D:6      | Received a gift from Kikubaaqudgha
  4836 | D:6      | Reached XP level 9. HP: 40/54 MP: 13/13
  4838 | D:6      | Reached skill level 3 in Necromancy
  4840 | D:6      | Reached skill level 4 in Necromancy
  4840 | D:6      | Killed a troll
  4841 | D:6      | Reached skill level 5 in Necromancy
  4861 | D:6      | Learned a level 2 spell: Corpse Rot
  4865 | D:6      | Learned a level 3 spell: Vampiric Draining
  4869 | D:6      | Learned a level 3 spell: Regeneration
  4966 | D:6      | Found a hazy altar of Hepliaklqana.
  5103 | D:6      | Got a vibrating bronze ring
  5105 | D:6      | Identified the ring of Ijinkaq {Ice Slay+3} (You found it
                  | on level 6 of the Dungeon)
  5279 | D:6      | Found a corrupted altar of Lugonu.
  5282 | D:6      | Found a shadowy altar of Dithmenos.
  5285 | D:6      | Found a shimmering altar of Xom.
  5327 | D:7      | Noticed a troll
  5359 | D:7      | Reached skill level 1 in Charms
  5365 | D:7      | Killed a troll
  5366 | D:7      | Reached skill level 6 in Necromancy
  5440 | D:7      | Reached skill level 7 in Necromancy
  5640 | D:7      | Reached skill level 8 in Necromancy
  5700 | D:7      | Reached ** piety under Kikubaaqudgha
  5902 | D:7      | Reached XP level 10. HP: 59/59 MP: 15/15
  5950 | D:7      | Learned a level 4 spell: Animate Dead
  5953 | D:7      | Reached skill level 9 in Necromancy
  6393 | D:8      | Noticed Harold
  6441 | D:8      | Killed from afar by Harold

Skill      XL: |  1  2  3  4  5  6  7  8  9 10 |
---------------+-------------------------------+-----
Fighting       | 1 2 3 5 |  5.2
Maces & Flails | 1 |  1.0
Dodging        | 4 6 |  6.0
Polearms       | 2 |  2.2
Armour         | 1 2 |  2.0
Short Blades   | 2 3 |  3.0
Stealth        | 5 |  5.0
Shields        | 2 |  2.0
Evocations     | 4 |  4.0
Necromancy     | 2 8 9 |  9.5
Spellcasting   | 1 3 |  3.9
Charms         | 3 |  3.0

Action                   |  1- 3 |  4- 6 |  7- 9 | 10-12 || total
-------------------------+-------+-------+-------+-------++-------
Melee: Spear             |   194 |   141 |       |       ||   335
       Bite              |    19 |    23 |    50 |     7 ||    99
       Whip              |     2 |       |       |       ||     2
       Dagger            |       |    54 |   242 |    19 ||   315
       Trident           |       |       |     5 |     6 ||    11
 Fire: Blowgun           |       |    15 |    33 |     3 ||    51
Throw: Tomahawk          |       |       |       |     4 ||     4
 Cast: Necrotize         |       |       |    47 |    20 ||    67
       Vampiric Draining |       |       |     1 |     3 ||     4
       Corpse Rot        |       |       |       |     1 ||     1
Evoke: Wand              |       |       |     4 |       ||     4
  Use: Scroll            |     6 |     1 |     4 |       ||    11
       Potion            |       |     2 |     2 |       ||     4
 Stab: Sleeping          |     4 |     1 |     5 |     1 ||    11
       Distracted        |       |     1 |     2 |       ||     3
  Eat: Chunk             |     4 |     5 |    16 |     1 ||    26
       Ration            |     1 |     1 |     1 |       ||     3
Armor: Robe              |     6 |       |       |       ||     6
       Ring mail         |    58 |    56 |    64 |       ||   178
       Troll leather arm |       |       |    26 |    10 ||    36
Dodge: Dodged            |   111 |    98 |   171 |    18 ||   398
Block: Buckler           |       |       |    31 |     8 ||    39
